Unix NetHack Version 5.0.0-0 post-release - last build Jul 11 2026 15:18:16 (a5a7a23833b1ad5d30b1c6e96a93a978492a6348,branch:main).

Game began 2026-06-17 07:38:35, ended 2026-07-13 13:25:00.

Jeroenix, chaotic male human Rogue

          ##########       H                  #######%*#(###<#
          ##########                          #############*##
      ##  ##      )#                                  ##
      ##  ##      ##          ##                      ##
     ###  ##     #%##)###))#@###  t  O                ##
     ^##  ##     ####0)#0)#)h)##   A                  #^
          ##                g
          ##                @
      ##*###  ######      ####d#####
      ######  ######      ##d##d####      ###
      ##      #^  ##      ##      ##      +)
      #*      ##  ##      ##      0#      )#
      ##########  ##########      #######[##                       w
  S   ##########  ##########      ##########                      @

Jeroenix the Filcher    St:25 Dx:18 Co:18 In:3 Wi:15 Ch:12  Chaotic
Dlvl:25 $:1362 HP:0(182) Pw:56(112) AC:-21 Xp:23 T:44476  Burdened Blind

Latest messages:
 It misses.
 You try to feel what is lying here on the ground.
 You feel here an owlbear corpse.
 A wave of psychic energy pours over you!
 It locks on to your telepathy!
 It is missed.
 It is missed.
 It misses.
 It is missed.
 It is missed.
 It misses.
 The invisible titan casts a spell!
 You hit the invisible master mind flayer.
 The invisible master mind flayer hits!
 The invisible master mind flayer's tentacles suck your brain!
 Your helm blocks the attack to your head.
 The invisible master mind flayer's tentacles suck your brain again!
 Your helm blocks the attack to your head.
 The invisible master mind flayer's tentacles suck your brain again!
 Your brain is eaten!
 You feel very stupid!
 You hit the invisible master mind flayer.
 The invisible master mind flayer hits!
 The invisible master mind flayer's tentacles suck your brain!
 Your brain is eaten!
 You feel very stupid!
 The invisible master mind flayer's tentacles suck your brain again!
 Your helm blocks the attack to your head.
 The invisible master mind flayer's tentacles suck your brain again!
 Your helm blocks the attack to your head.
 The invisible master mind flayer's tentacles suck your brain again!
 Your helm blocks the attack to your head.
 The invisible master mind flayer's tentacles suck your brain again!
 Your helm blocks the attack to your head.
 The invisible titan casts a spell!
 You hit the invisible master mind flayer.
 You hear a chugging sound.
 The invisible master mind flayer hits!
 The invisible master mind flayer's tentacles suck your brain!
 Your helm blocks the attack to your head.
 The invisible master mind flayer's tentacles suck your brain again!
 Your helm blocks the attack to your head.
 The invisible master mind flayer's tentacles suck your brain again!
 Your helm blocks the attack to your head.
 The invisible master mind flayer's tentacles suck your brain again!
 Your brain is eaten!
 Your last thought fades away.
 Do you want your possessions identified? [ynq] (y) y
 Do you want to see your attributes? [ynq] (y) y
 Do you want an account of creatures vanquished? [ynaq] (y) q

Inventory:
 Coins    ('$')
  $ - 1362 gold pieces
 Amulets  ('"')
  o - an uncursed amulet of magical breathing (being worn)
 Weapons  (')')
  a - a blessed +2 silver dagger (weapon in left hand)
 Armor    ('[')
  Q - a blessed +0 dwarvish iron helm (being worn)
  S - a blessed +4 pair of gauntlets of power (being worn)
  T - an uncursed +0 pair of high boots
  O - an uncursed fireproof +0 pair of speed boots
  y - a blessed +0 pair of water walking boots (being worn)
  N - an uncursed rustproof +0 large shield
  A - a cursed greased +0 shield of reflection (being worn)
  j - a blessed +1 cloak of protection (being worn)
  J - a blessed greased +4 gray dragon scale mail (being worn)
 Comestibles  ('%')
  b - 2 uncursed food rations
 Scrolls  ('?')
  q - an uncursed scroll of enchant weapon
  I - an uncursed scroll of enchant weapon
  G - an uncursed scroll of teleportation
 Potions  ('!')
  n - an uncursed potion of healing
  R - an uncursed potion of sickness
 Rings    ('=')
  p - an uncursed ring of free action
  F - an uncursed ring of teleport control (on left hand)
 Wands    ('/')
  m - a wand of digging (0:3)
  h - a wand of fire (0:0)
  K - a wand of fire (0:0)
  v - a wand of polymorph (0:5)
  W - a wand of sleep (0:2)
  r - a wand of slow monster (0:1)
  H - a wand of striking (0:5)
  Y - a wand of teleportation (0:0)
 Tools    ('(')
  t - a blessed greased sack containing 44 items
  c - an expensive camera (0:95)
  k - an uncursed lock pick
  g - a magic marker (0:23)
  w - an uncursed magic whistle
  d - a +0 pick-axe
  s - an uncursed stethoscope
  f - a cursed towel (being worn)
  i - a blessed +0 unicorn horn
 Gems/Stones  ('*')
  X - an uncursed amber stone
  M - a blessed luckstone
  x - a blessed touchstone

Contents of the sack:
  677 gold pieces
  an uncursed amulet of reflection
  an uncursed C-ration
  2 uncursed cloves of garlic
  a cursed clove of garlic
  2 uncursed food rations
  an uncursed K-ration
  an uncursed lembas wafer
  an uncursed sprig of wolfsbane
  2 uncursed tripe rations
  an uncursed lizard corpse
  2 blessed scrolls of blank paper
  9 uncursed scrolls of blank paper
  2 cursed scrolls of blank paper
  an uncursed scroll of confuse monster
  2 uncursed scrolls of destroy armor
  a cursed scroll of destroy armor
  2 uncursed scrolls of earth
  an uncursed scroll of enchant armor
  an uncursed scroll of food detection
  a blessed scroll of gold detection
  3 uncursed scrolls of remove curse
  a blessed scroll of teleportation
  an uncursed scroll of teleportation
  a cursed scroll of teleportation
  an uncursed potion of blindness
  an uncursed potion of levitation
  an uncursed potion of object detection
  3 potions of holy water
  2 uncursed potions of water
  an uncursed ring of fire resistance
  an uncursed ring of free action
  an uncursed +2 ring of gain constitution
  an uncursed +1 ring of gain strength
  a cursed ring of hunger
  an uncursed ring of protection from shape changers
  an uncursed ring of shock resistance
  a cursed ring of teleportation
  a wand of digging (0:6)
  a wand of teleportation (0:3)
  a can of grease (0:11)
  an uncursed credit card
  an uncursed tallow candle
  an uncursed garnet stone

Jeroenix the Rogue's attributes:

Background:
 You were a Filcher, a level 23 male human Rogue.
 You were chaotic, on a mission for Kos
 who was opposed by Issek (lawful) and Mog (neutral).
 You were left-handed.
 You were in the Dungeons of Doom, on level 25.
 You entered the dungeon 44476 turns ago.
 You had 30015419 experience points, 9984581 more were needed for level 24.

Basics:
 You had 0 out of 182 hit points.
 You had 56 out of 112 energy points (spell power).
 Your armor class was -21.
 Your wallet contained 1362 zorkmids, and
 you had 677 more stashed away in your pack.
 Autopickup was on for '$' plus thrown.

Final Characteristics:
 Your strength was 25 (base:17, innate limit:18/100).
 Your dexterity was 18 (limit:18).
 Your constitution was 18 (limit:18).
 Your intelligence was 3 (peak:9, limit:18).
 Your wisdom was 15 (limit:18).
 Your charisma was 12 (limit:18).

Final Status:
 You were deliberately blind.
 You weren't hungry.
 You were burdened; movement was slightly slowed.
 You were wielding a dagger.
 You had expert skill with dagger.

Final Attributes:
 You were piously aligned.
 You were magic-protected.
 You were cold resistant.
 You were poison resistant.
 You were telepathic.
 You had automatic searching.
 You were stealthy.
 You could teleport.
 You had teleport control.
 You could walk on water.
 You could survive without air.
 You had a small defense bonus (+4).
 You were protected.
 You were fast.
 You had reflection.
 You were very lucky.
 You had extra luck.
 Good luck did not time out for you.
 You are dead.

Miscellaneous:
 You encountered 1 bones level.
 Total elapsed playing time was 22 hours, 35 minutes and 18 seconds.

Major events:
 Turn
    1: Jeroenix the chaotic male human Rogue entered the dungeon
  901: attained the rank of Cutpurse (level 3)
 1040: read a Discworld novel
 3251: attained the rank of Rogue (level 6)
 4043: entered Sokoban
 8675: entered the Gnomish Mines
10894: reached Mine Town
13427: attained the rank of Pilferer (level 10)
13434: made his first wish - "blessed greased +2 gray dragon scale mail", got "a greased gray dragon scale mail"
13506: acquired the Mines' End luckstone
28604: entered Home 1, the Quest
31798: completed 1st Sokoban level
32475: completed 2nd Sokoban level
32895: completed 3rd Sokoban level
33974: completed 4th Sokoban level
34097: attained the rank of Robber (level 14)
34263: acquired the Sokoban amulet of reflection
35183: the Master of Thieves has granted access to proceed deeper into the quest
35304: entered Home 2, the Quest
35499: entered Home 3, the Quest
38564: entered Home 4, the Quest
38715: entered Home 5, the Quest
38828: attained the rank of Burglar (level 18)
39183: entered Home 6, the Quest
41559: consulted the Oracle
42523: attained the rank of Filcher (level 22)
43415: killed Medusa
44476: killed by brainlessness

Spells:
 Name                 Level Category     Fail Retention
 haste self             3   escape       100%    (gone)
 finger of death        7   attack       100%    (gone)

Skills:
 Fighting Skills
   bare handed combat [Unskilled]
   two weapon combat  [Unskilled]
   riding             [Unskilled]
 Weapon Skills
   dagger             [Expert]
   knife              [Unskilled]
   short sword        [Basic]
   broadsword         [Unskilled]
   long sword         [Unskilled]
   two-handed sword   [Unskilled]
   saber              [Unskilled]
   club               [Unskilled]
   mace               [Unskilled]
   morning star       [Unskilled]
   flail              [Unskilled]
   hammer             [Unskilled]
   polearms           [Unskilled]
   spear              [Unskilled]
   crossbow           [Unskilled]
   dart               [Unskilled]
   shuriken           [Unskilled]
 Spellcasting Skills
   divination spells  [Unskilled]
   escape spells      [Unskilled]
   matter spells      [Unskilled]

Voluntary challenges:
 Character rerolling was not enabled.
 You never genocided any monsters.
 You never polymorphed an object.
 You never changed form.
 You used 1 wish.
 You did not wish for any artifacts.
 You violated the special Sokoban rules 7 times.
Achievements:
 You attained the rank of Cutpurse.
 You entered a shop.
 You read from a Discworld novel.
 You attained the rank of Rogue.
 You entered Sokoban.
 You entered the Gnomish Mines.
 You entered Minetown.
 You entered a temple.
 You attained the rank of Pilferer.
 You completed the Gnomish Mines.
 You attained the rank of Robber.
 You completed Sokoban.
 You attained the rank of Burglar.
 You consulted the Oracle of Delphi.
 You attained the rank of Filcher.
 You defeated Medusa.

 The Dungeons of Doom: levels 1 to 25
    Level 1:
    Level 2:
       Stairs down to The Gnomish Mines.
    Level 3:
       A scroll shop, an altar to Kos, a sink.
    Level 4:
       A general store, some fountains.
    Level 5:
    Level 6:
       A fountain.
    Level 7:
       Many fountains.
       Oracle of Delphi.
    Level 8:
       A general store, many fountains.
       Stairs up to Sokoban, level 7.
    Level 9:
    Level 10:
       A food shop.
    Level 11:
       An altar to Kos.
    Level 12:
       Many trees.
    Level 13:
    Level 14:
       A fountain.
       Summoned by the Master of Thieves.
       Portal to The Quest.
    Level 15:
       A fountain.
    Level 16:
       A primitive area.
    Level 17:
       A fountain, a grave.
    Level 18:
       An altar to Kos, a fountain, a sink.
    Level 19:
       A fountain.
    Level 20:
       An armor shop, a fountain.
    Level 21:
       A fountain, many graves.
    Level 22:
       A fountain.
    Level 23:
    Level 24:
    Level 25: <- You were here.
       Final resting place for
          you, killed by brainlessness.
 The Gnomish Mines: levels 3 to 10
    Level 3:
    Level 4:
    Level 5:
       Some graves.
       Final resting place for
          samic-Val-Hum-Fem-Law, killed by an Uruk-hai,
          Scotos-Wiz-Orc-Mal-Cha, killed by a white unicorn.
    Level 6:
       Some shops, a temple and an altar, some fountains.
    Level 7:
    Level 8:
    Level 9:
    Level 10:
 The Quest: levels 1 to 6
    Level 1:
       Given quest by the Master of Thieves.
    Level 2:
    Level 3:
    Level 4:
    Level 5:
    Level 6:
 Sokoban: levels 7 up to 4
    Level 4:
       Solved.
    Level 5:
       Solved.
    Level 6:
       Solved.
    Level 7:
       Solved.


Vanquished creatures:
    Medusa
 an iron golem
  a storm giant
  a titan
  a glass golem
  a silver dragon
  a green dragon
  a minotaur
  a jabberwock
  2 baluchitheria
  5 stone golems
  a master mind flayer
  a displacer beast
  a titanothere
  a trapper
 36 guardian nagas
  a genetic engineer
  5 vampire leaders
  a clay golem
  3 nurses
  3 lurkers above
  3 Aleaxes
  a golden naga
  2 black puddings
  3 vampires
  4 ghosts
  a winged gargoyle
  5 giant mimics
  3 long worms
  2 zruties
  3 fire giants
  3 ogre tyrants
  2 ice trolls
  3 rock trolls
  4 umber hulks
 an elven monarch
  9 large mimics
  3 wumpuses
  7 couatls
  9 stalkers
 an air elemental
  3 fire elementals
  4 earth elementals
  3 giant mummies
  4 black nagas
  6 xorns
  a giant zombie
 an elf-noble
  a sergeant
  a water demon
  2 barbed devils
  5 wargs
 24 small mimics
  2 warhorses
  5 xans
  5 ettin mummies
  2 ogre leaders
  6 quantum mechanics
  a troll
  5 wood golems
  6 electric eels
  2 gelatinous cubes
  a pyrolisk
  a large dog
  8 freezing spheres
  4 flaming spheres
  3 shocking spheres
  4 large cats
  a tiger
  a gargoyle
  2 dwarf rulers
  3 tengu
  2 ochre jellies
  4 leocrottas
 an energy vortex
  a mountain centaur
  3 stone giants
  2 elf mummies
  a human mummy
  5 red nagas
  2 pythons
  5 pit vipers
  7 cobras
 14 wraiths
  3 carnivorous apes
  6 ettin zombies
  a leather golem
  3 soldiers
 an amorous demon
  3 horned devils
 18 chameleons
  2 crocodiles
  2 giant beetles
  6 quivering blobs
  4 cockatrices
  8 wolves
  9 winter wolf cubs
  a lynx
  3 panthers
 73 gremlins
  a spotted jelly
114 leprechauns
  2 orc-captains
  2 iron piercers
  a mumak
  7 giant spiders
  4 scorpions
  2 horses
  3 ice vortices
  7 black lights
  7 vampire bats
  3 gnome rulers
 an orc mummy
  4 dwarf mummies
  a brown pudding
  7 rust monsters
  4 owlbears
  a yeti
  2 gold golems
  a werewolf
  a Green-elf
  8 lizards
  2 chickatrices
  2 dingoes
  2 dogs
  a housecat
  6 jaguars
  4 dwarf leaders
  5 blue jellies
  7 white unicorns
  3 gray unicorns
  2 dust vortices
  4 ravens
  4 plains centaurs
  4 gnome mummies
  5 snakes
  7 apes
  2 human zombies
  4 rope golems
  4 Woodland-elves
  7 soldier ants
  4 fire ants
 17 bugbears
 an imp
  6 quasits
 10 wood nymphs
 24 water nymphs
  9 mountain nymphs
  4 Mordor orcs
 11 Uruk-hai
 an orc shaman
  9 rock piercers
  4 rock moles
  3 ponies
  4 fog clouds
 13 yellow lights
  5 shriekers
  7 violet fungi
 15 gnome leaders
  4 gnomish wizards
  2 kobold mummies
  a guardian naga hatchling
  7 gray oozes
  a barrow wight
  7 elf zombies
  4 ghouls
  6 straw golems
  3 paper golems
  a jellyfish
 10 giant ants
  2 little dogs
 12 floating eyes
  4 kittens
 21 dwarves
  3 kobold leaders
  a kobold shaman
 37 hill orcs
 22 rothes
  2 rabid rats
  2 centipedes
  5 giant bats
  2 monkeys
  5 orc zombies
  5 dwarf zombies
  a wererat
  5 werejackals
 17 iguanas
 33 killer bees
  2 acid blobs
  a coyote
  4 hobbits
  6 manes
  a large kobold
 14 hobgoblins
 13 giant rats
 12 cave spiders
  a brown mold
  4 yellow molds
  3 green molds
  3 red molds
 56 gnomes
 15 garter snakes
  4 gnome zombies
  7 geckos
 20 jackals
  5 foxes
  a kobold
  3 goblins
 17 sewer rats
 19 grid bugs
  7 bats
  8 lichens
  8 newts
1309 creatures vanquished.

Extinct species:
 leprechauns (extinct)
1 species extinct.

Game over:
                       ----------
                      /          \
                     /    REST    \
                    /      IN      \
                   /     PEACE      \
                  /                  \
                  |     Jeroenix     |
                  |     2039 Au      |
                  |    killed by     |
                  |  brainlessness   |
                  |                  |
                  |                  |
                  |       2026       |
                 *|     *  *  *      | *
        _________)/\\_//(\/(/\)/\//\/|_)_______

Goodbye Jeroenix the Rogue...

You died in The Dungeons of Doom on dungeon level 25 with 320108 points,
and 2039 pieces of gold, after 44476 moves.
You were level 23 with a maximum of 182 hit points when you died.

